 Dungeon Crawl Stone Soup version 0.31.0-11-ge490571c62 (webtiles) character file.

Game seed: 11901926144918050237

28 Arctor the Firebug (level 2, -2/15 HPs)
             Began as a Deep Elf Fire Elementalist on Feb 3, 2024.
             Slain by a quokka (4 damage)
             ... on level 2 of the Dungeon.
             The game lasted 00:00:55 (1592 turns).

Arctor the Firebug (Deep Elf Fire Elementalist)     Turns: 1592, Time: 00:00:56

Health: -2/15      AC:  2    Str:  5    XL:     2   Next: 96%
Magic:  6/8        EV: 13    Int: 19    God:
Gold:   173        SH:  0    Dex: 15    Spells: 3/7 levels left

rFire   . . .        (no weapon)
rCold   . . .        (no shield)
rNeg    . . .        a - +0 robe
rPois   .            (no helmet)
rElec   .            (no cloak)
rCorr   .            (no gloves)
SInv    .            (no boots)
Will    .....        (no amulet)
Stlth   ++           (no ring)
HPRegen 0.22/turn    (no ring)
MPRegen 0.11/turn

%: no passive effects
@: no status effects
A: no striking features
a: no special abilities


You were on level 2 of the Dungeon.
You visited 1 branch of the dungeon, and saw 2 of its levels.

You collected 173 gold pieces.

Inventory:

Armour
 a - a +0 robe (worn)
Scrolls
 c - a scroll of identify
 d - a scroll of brand weapon
 g - a scroll of vulnerability
Potions
 b - a potion of magic
 e - a potion of ambrosia {unknown}
 f - 2 potions of curing {unknown}


   Skills:
 + Level 2.8 Dodging
 - Level 2.9 Stealth
 + Level 3.3 Spellcasting
 + Level 1.7 Conjurations
 + Level 0.3 Summonings
 + Level 3.5 Fire Magic


You had 3 spell levels left.
You knew the following spells:

 Your Spells              Type           Power      Damage    Failure   Level
a - Foxfire               Conj/Fire      52%        2x1d6     4%          1
b - Scorch                Fire           32%        2d6       4%          2
c - Summon Small Mammal   Summ           16%        N/A       13%         1

Your spell library contained the following spells:

 Spells                   Type           Power      Damage    Failure   Level
 Inner Flame              Hex/Fire       9%         N/A       22%         3
 Volatile Blastmotes      Fire/Tloc      18%        2d11      22%         3
 Flame Wave               Conj/Fire      13%        2d6       45%         4
 Summon Mana Viper        Hex/Summ       3%         N/A       98%         5
 Monstrous Menagerie      Summ           2%         N/A       100%        7
 Summon Hydra             Summ           2%         N/A       100%        7


Dungeon Overview and Level Annotations

Branches:
Dungeon (2/15)

Altars:


Message History

You conjure some foxfire!
Your foxfire dissipates! x2
You conjure some foxfire!
Your foxfire dissipates!
No target in view!
Your foxfire dissipates! x2
A goblin comes into view. It is wielding a +0 club.
Your foxfire dissipates!
A goblin is nearby!
Your foxfire dissipates!
The foxfire hits the goblin.
You kill the goblin!
You conjure some foxfire!
No target in view!
Your foxfire dissipates! x2
You open the door.
A quokka comes into view.
There is an open door here.
You hit the quokka.
The quokka is moderately wounded.
The quokka bites you.
You conjure some foxfire!
The quokka closely misses you.
You conjure some foxfire!
The quokka closely misses you. The quokka barely misses you.
You closely miss the quokka.
The quokka is moderately wounded.
The quokka closely misses you.
A quokka is nearby!
You hit the quokka but do no damage.
The quokka is moderately wounded.
The quokka bites you.
You are too injured to fight recklessly!
A quokka is nearby!
Your foxfire dissipates! x2
The foxfire hits the quokka but does no damage.
The quokka is moderately wounded.
The quokka attacks as it pursues you! The quokka bites you.
* * * LOW HITPOINT WARNING * * *
The quokka bites you.
You die...

#########
#.[.....#
#.......#
#.......#
########.......###
.......'.r@....)..
########....)..###
#.......)..#
#.......####
#.......#
######.......#
#.†..#.......#
#(...#.......#
#....'.....###


You could see a quokka.

Vanquished Creatures
  A ball python (D:1)
  5 endoplasms (D:1)
  2 giant cockroaches (D:1)
  2 hobgoblins (D:1)
  3 jackals (D:1)
  A quokka (D:1)
  2 bats
  2 frilled lizards
  4 goblins
  A rat (D:1)
23 creatures vanquished.

Vanquished Creatures (collateral kills)
  2 foxfires (D:1)
2 creatures vanquished.

Vanquished Creatures (others)
  124 foxfires
124 creatures vanquished.

Grand Total: 149 creatures vanquished

Notes
Turn   | Place    | Note
-------+----------+-------------------------------------------
     0 | D:1      | Arctor the Deep Elf Fire Elementalist began the quest for
                  | the Orb.
     0 | D:1      | Reached XP level 1. HP: 10/10 MP: 6/6
   301 | D:1      | Reached XP level 2. HP: 15/15 MP: 4/8
   484 | D:1      | Got Asmodeus's Vellum of Summoning
   748 | D:1      | Learned a level 2 spell: Scorch
   842 | D:1      | Learned a level 1 spell: Summon Small Mammal
  1592 | D:2      | Slain by a quokka

Illustrated notes

Levels and vault maps discovered:
D:1:      spicycebolla_green_bress_n_ham_2, layout_basic,
          minmay_gold_behind_fungi, st_stairs_7
D:2:      layout_basic, minmay_hexomino_p4, uniq_terence

Action                     || total
---------------------------++-------
  Melee: Unarmed           ||    21
   Cast: Foxfire           ||    76
    Use: Scroll            ||     2
 Armour: Robe              ||    25
  Dodge: Dodged            ||    21
